 Dungeon Crawl Stone Soup version 0.30.0-15-g856e2d3f33 (webtiles) character file.

Game seed: 13572466710962207490

9652 Daunt the Spear-Bearer (level 11, -32/87 HPs)
             Began as a Demonspawn Summoner on May 19, 2023.
             Was a Believer of Kikubaaqudgha.
             Killed from afar by Lodul (36 damage)
             ... with a bolt of lightning
             ... on level 10 of the Dungeon.
             The game lasted 00:55:27 (9234 turns).

Daunt the Spear-Bearer (Demonspawn Summoner)        Turns: 9234, Time: 00:55:28

Health: -32/87     AC: 11    Str:  8    XL:     11   Next: 25%
Magic:  10/17      EV: 13    Int: 21    God:    Kikubaaqudgha [**....]
Gold:   614        SH:  0    Dex: 14    Spells: 5/18 levels left

rFire   . . .        R - +2 halberd (heavy)
rCold   . . .        (shield currently unavailable)
rNeg    . . .        a - +0 robe
rPois   +            (no helmet)
rElec   .            (no cloak)
rCorr   .            Q - +0 pair of gloves
SInv    .            j - +0 pair of boots
Will    .....        y - amulet of regeneration
Stlth   +++          O - ring of poison resistance
HPRegen 1.14/turn    I - +4 ring of protection
MPRegen 0.15/turn

%: no passive effects
@: animating dead
A: hooves 2, molten scales 2, demonic magic 2
a: Renounce Religion, Unearth Wretches


You were on level 10 of the Dungeon.
You worshipped Kikubaaqudgha.
Kikubaaqudgha was pleased with you.
You visited 2 branches of the dungeon, and saw 11 of its levels.

You collected 614 gold pieces.

Inventory:

Hand Weapons
 z - a +0 bardiche
 A - a +3 dagger of freezing
 C - a +0 spear
 R - a +2 heavy halberd (weapon)
Missiles
 d - 70 stones (quivered)
 l - 8 boomerangs
 n - 19 poisoned darts
 D - 2 throwing nets
 G - 3 silver boomerangs
 H - a curare-tipped dart
 M - 5 atropa-tipped darts
Armour
 a - a +0 robe (worn)
 j - a +0 pair of boots (worn)
 x - a +0 buckler
 Q - a +0 pair of gloves (worn)
Magical Staves
 m - a staff of death
Jewellery
 c - an amulet of magic regeneration
 r - a ring of see invisible
 y - an amulet of regeneration (around neck)
 I - a +4 ring of protection (right hand)
 O - a ring of poison resistance (left hand)
 T - an amulet of guardian spirit
Wands
 e - a wand of iceblast (40)
 E - a wand of paralysis (16)
 S - a wand of digging (3)
Scrolls
 f - 2 scrolls of immolation {unknown}
 g - 4 scrolls of teleportation {unknown}
 h - a scroll of poison
 i - a scroll of fog {unknown}
 q - a scroll of butterflies {unknown}
 s - 2 scrolls of fear {unknown}
 v - 3 scrolls of acquirement {unknown}
 w - 3 scrolls of noise {unknown}
 F - 2 scrolls of amnesia {unknown}
 K - a scroll of enchant armour {unknown}
 N - a scroll of torment {unknown}
Potions
 b - 2 potions of magic
 k - 3 potions of attraction
 o - a potion of lignification
 p - a potion of curing
 t - a potion of cancellation
 u - 2 potions of heal wounds
 B - 3 potions of brilliance
 J - 3 potions of haste {unknown}
 L - 2 potions of mutation {unknown}
 P - a potion of ambrosia


   Skills:
 - Level 8.5 Fighting
 - Level 10.2 Polearms
 - Level 2.0 Armour
 - Level 3.0 Dodging
 - Level 4.0 Stealth
 - Level 4.0 Shields
 - Level 4.0 Spellcasting
 - Level 3.0 Hexes
 - Level 6.0 Summonings
 + Level 5.4 Necromancy


You had 5 spell levels left.
You knew the following spells:

 Your Spells              Type           Power      Damage    Failure   Level
a - Summon Small Mammal   Summ           100%       N/A       1%          1
c - Call Canine Familiar  Summ           29%        N/A       3%          3
d - Animate Dead          Necr           26%        N/A       13%         4
g - Summon Guardian Gole  Hex/Summ       23%        N/A       5%          3
i - Call Imp              Summ           58%        N/A       1%          2

Your spell library contained the following spells:

 Spells                   Type           Power      Damage    Failure   Level
 Necrotise                Necr           100%       1d9       1%          1
 Sublimation of Blood     Necr           26%        N/A       1%          2
 Slow                     Hex            64%        N/A       3%          1
 Kiss of Death            Conj/Necr      60%        2d10      4%          1
 Vampiric Draining        Necr           26%        2d7       4%          3
 Confusing Touch          Hex            16%        N/A       11%         3
 Lesser Beckoning         Tloc           8%         N/A       19%         2
 Portal Projectile        Hex/Tloc       20%        N/A       19%         3
 Frozen Ramparts          Ice            8%         1d2       34%         3
 Gell's Gravitas          Tloc           4%         N/A       34%         3
 Teleport Other           Tloc           4%         N/A       34%         3
 Volatile Blastmotes      Fire/Tloc      8%         2d10      34%         3
 Summon Ice Beast         Ice/Summ       16%        N/A       34%         4
 Summon Lightning Spire   Summ/Air       16%        N/A       34%         4
 Fulminant Prism          Conj/Hex       5%         3d6       54%         4
 Leda's Liquefaction      Hex/Erth       5%         N/A       54%         4
 Ice Form                 Ice/Tmut       4%         N/A       75%         4
 Iskenderun's Mystic Bla  Conj/Tloc      4%         2d3       75%         4
 Manifold Assault         Tloc           4%         N/A       75%         4
 Lee's Rapid Deconstruct  Erth           2%         3d4*      97%         5
 Dispersal                Tloc           2%         N/A       100%        6
 Disjunction              Tloc           2%         N/A       100%        8


Dungeon Overview and Level Annotations

Branches:
Dungeon (10/15)            Temple (1/1) D:6             Orc (0/2) D:9
   Lair: D:8-11

Altars:
Ashenzari
Fedhas
Hepliaklqana
Kikubaaqudgha
Makhleb
Nemelex Xobeh
Okawaru
Ru
Sif Muna
Trog
Uskayaw
Wu Jian
Yredelemnul

Shops:
D:1 :   D:4 *   D:5 [

Annotations:
D:10 Lodul


Innate Abilities, Weirdness & Mutations

You have hoof-like feet.
You are mostly covered in molten scales. (AC +3)
Spells you cast may paralyse nearby enemies.


Message History

The kobold demonologist is moderately wounded.
Your hound bites the kobold demonologist.
Your hound barely misses the kobold demonologist.
The kobold demonologist gestures wildly while chanting.
The kobold hits your hound with a +0 short sword.
The soul eater hits your hound!
Your hound dies!
Your hound's corpse disappears in a puff of smoke!
Lodul hits your kobold zombie with a +6 dire flail of protection!!
Your kobold zombie is destroyed!
The quasit bites your ogre zombie. The quasit claws your ogre zombie. x2
Unknown command.
Unknown command.
Unknown command.
Unknown command.
You barely miss the kobold demonologist.
The kobold demonologist is heavily wounded.
The sixfirhy hits you but does no damage. x2
The sixfirhy hits you. The sixfirhy shocks you!
The kobold demonologist closely misses you.
The kobold hits your ogre zombie with a +0 short sword.
Your ogre zombie is destroyed!
The sixfirhy closely misses you.
The kobold demonologist barely misses you.
Unknown command.
Unknown command.
You hit the kobold demonologist but do no damage.
The kobold demonologist is heavily wounded.
The sixfirhy hits you but does no damage. x3
The sixfirhy misses you. The sixfirhy hits you! The sixfirhy shocks you!
* * * LOW HITPOINT WARNING * * *
The sixfirhy hits you but does no damage.
The sixfirhy closely misses you. The sixfirhy hits you!
* * * LOW HITPOINT WARNING * * *
The sixfirhy shocks you!
* * * LOW HITPOINT WARNING * * *
Electricity crackles from Lodul's apparatus.
The bolt of lightning hits you!!!
You die...
Kikubaaqudgha rasps: "You have failed me!
Welcome... death!"

#..# #.##...........O.O.........
#..# #.# #......................
#..# #.# #...........####...##..
#..###.###.#............#...##..
##.............................
.................5...........##.
##..#####...#...#KK.............
#..######..#...#3##.........##.
#..............@K5KO............
##.#####...#...33K.....<....##.
##.#####.....°.☼.5.............
#......##[.#.°.####..####+#.###
#......##..#.☼.#####........####
##......##..#........)...........
.'......'........................
##......##..#....##.###.......###
#....>.##..#....##.###..........


You could see Lodul, a soul eater (summoned), 2 kobold demonologists, 2
sixfirhies, an iron imp (summoned), a quasit (summoned), a white imp (summoned)
and 3 kobolds.

Vanquished Creatures
  Snorg (D:10)
  A tengu conjurer (D:8)
  A wyvern (D:8)
  A steam dragon (D:8)
  2 vampire mosquitoes
  A warg (D:9)
  An acid dragon (D:10)
  A water moccasin (D:7)
  An orc warrior (D:7)
  A sky beast (D:8)
  An ogre (D:6)
  2 centaurs
  A bullfrog (D:9)
  A kobold brigand (D:8)
  2 scorpions
  2 wights
  4 killer bees (D:9)
  4 howler monkeys
  4 hounds
  A jelly (D:4)
  2 orc priests
  A sleepcap (D:6)
  5 iguanas
  2 orc wizards
  4 gnolls (D:8)
  4 adders
  4 shadow imps
  3 dart slugs
  8 orcs
  3 bats
  10 endoplasms
  3 giant cockroaches
  11 goblins
  6 hobgoblins
  3 jackals
  4 quokkas
  5 ball pythons
  A frilled lizard (D:2)
  4 kobolds
  3 rats
119 creatures vanquished.

Vanquished Creatures (collateral kills)
  The ghost of Palms the Sneak, an amateur NaWr of Wu Jian (D:5)
  Prince Ribbit (D:8)
  A sky beast (D:8)
  An orc warrior (D:8)
  An ice beast (D:5)
  2 centaurs
  2 phantoms
  A bullfrog (D:8)
  2 howler monkeys (D:8)
  2 jellies (D:5)
  A hound (D:3)
  A gnoll bouda (D:8)
  2 iguanas
  An orc wizard (D:5)
  Robin (D:2)
  4 gnolls
  3 adders
  An orc (D:5)
  A bat (D:1)
  An endoplasm (D:2)
  A giant cockroach (D:4)
  8 goblins
  4 hobgoblins
  3 jackals
  A quokka (D:1)
  2 ball pythons
  A frilled lizard (D:2)
  6 kobolds
  3 rats
59 creatures vanquished.

Vanquished Creatures (others)
  3 two-headed ogres
  A troll (D:10)
  A wyvern (D:9)
  3 vampire mosquitoes
  An acid dragon (D:10)
  3 wargs (D:9)
  An orc warrior (D:9)
  An ice beast (D:6)
  8 ogres
  A kobold brigand (D:7)
  A bullfrog (D:9)
  6 wights
  11 killer bees (D:9)
  An iguana (D:6)
  5 ogre zombies (D:10)
  2 orcs
  2 kobolds (D:7)
  A kobold zombie (D:10)
52 creatures vanquished.

Grand Total: 230 creatures vanquished

Notes
Turn   | Place    | Note
-------+----------+-------------------------------------------
     0 | D:1      | Daunt the Demonspawn Summoner began the quest for the Orb.
     0 | D:1      | Reached XP level 1. HP: 13/13 MP: 3/3
   169 | D:1      | Reached skill level 1 in Fighting
   244 | D:1      | Gained mutation: Spells you cast may paralyse adjacent
                  | enemies. [demonic ancestry]
   244 | D:1      | Reached XP level 2. HP: 21/21 MP: 5/5
   244 | D:1      | Found Guidas's Book Emporium.
   468 | D:1      | Learned a level 2 spell: Call Imp
   594 | D:1      | Reached XP level 3. HP: 27/27 MP: 6/6
  1158 | D:2      | Noticed Robin
  1179 | D:2      | Gained mutation: You have large cloven feet. [demonic
                  | ancestry]
  1179 | D:2      | Reached XP level 4. HP: 5/34 MP: 2/7
  1332 | D:2      | Killed Robin
  2241 | D:3      | Learned a level 3 spell: Call Canine Familiar
  2311 | D:3      | Reached skill level 5 in Summonings
  2311 | D:3      | Reached XP level 5. HP: 41/41 MP: 2/8
  2803 | D:4      | Found Geesasiv's Gadget Gallery.
  2813 | D:4      | Gained mutation: You have hoof-like feet. [demonic
                  | ancestry]
  2813 | D:4      | Reached XP level 6. HP: 18/47 MP: 5/9
  2983 | D:4      | Reached skill level 1 in Hexes
  3298 | D:5      | Entered Level 5 of the Dungeon
  3476 | D:5      | Reached skill level 1 in Shields
  3692 | D:5      | Found Madwauhu's Armour Shoppe.
  3700 | D:5      | Noticed an ice beast
  3855 | D:4      | Learned a level 3 spell: Summon Guardian Golem
  4045 | D:5      | Gained mutation: Spells you cast may paralyse nearby
                  | enemies. [demonic ancestry]
  4045 | D:5      | Reached XP level 7. HP: 31/52 MP: 6/10
  4264 | D:5      | Found a runed translucent gate.
  4268 | D:5      | Found a runed translucent gate.
  4269 | D:5      | Found a runed translucent gate.
  4270 | D:5      | Noticed Palms's ghost (amateur NaWr)
  4480 | D:5      | Killed Palms's ghost
  4481 | D:5      | Reached skill level 1 in Armour
  4555 | D:5      | Reached XP level 8. HP: 52/59 MP: 4/11
  5213 | D:6      | Reached skill level 5 in Fighting
  5680 | D:6      | Found a staircase to the Ecumenical Temple.
  5689 | Temple   | Entered the Ecumenical Temple
  5718 | Temple   | Became a worshipper of Kikubaaqudgha
  6020 | D:7      | Found a sacrificial altar of Ru.
  6246 | D:7      | Gained mutation: You are partially covered in molten
                  | scales. (AC +2) [demonic ancestry]
  6246 | D:7      | Reached XP level 9. HP: 72/72 MP: 9/12
  6615 | D:8      | Noticed Prince Ribbit
  6631 | D:8      | Killed Prince Ribbit
  6750 | D:8      | Reached skill level 1 in Polearms
  6760 | D:8      | Found a burning altar of Makhleb.
  6761 | D:8      | Found a hazy altar of Hepliaklqana.
  6762 | D:8      | Found a shimmering blue altar of Sif Muna.
  6863 | D:8      | Reached skill level 2 in Polearms
  6868 | D:8      | Reached * piety under Kikubaaqudgha
  6868 | D:8      | Received a gift from Kikubaaqudgha
  6879 | D:8      | Reached skill level 3 in Polearms
  6977 | D:8      | Reached skill level 4 in Polearms
  7014 | D:8      | Noticed a tengu conjurer
  7025 | D:8      | Killed a tengu conjurer
  7026 | D:8      | Reached skill level 5 in Polearms
  7184 | D:8      | Reached skill level 6 in Polearms
  7454 | D:8      | Gained mutation: You are mostly covered in molten scales.
                  | (AC +3) [demonic ancestry]
  7454 | D:8      | Reached XP level 10. HP: 73/82 MP: 4/13
  7641 | D:9      | Reached skill level 7 in Polearms
  7872 | D:9      | Noticed a two-headed ogre
  7906 | D:9      | Killed a two-headed ogre
  7907 | D:9      | Reached skill level 8 in Polearms
  8105 | D:9      | Reached ** piety under Kikubaaqudgha
  8266 | D:9      | Reached skill level 9 in Polearms
  8277 | D:9      | Found a staircase to the Orcish Mines.
  8383 | D:9      | Noticed a two-headed ogre
  8399 | D:9      | Killed a two-headed ogre
  8400 | D:9      | Reached skill level 10 in Polearms
  8553 | D:10     | Entered Level 10 of the Dungeon
  8606 | D:10     | Noticed Snorg
  8618 | D:10     | Reached skill level 1 in Necromancy
  8625 | D:10     | Killed Snorg
  8626 | D:10     | Reached XP level 11. HP: 87/87 MP: 3/15
  8746 | D:10     | Noticed a two-headed ogre
  8837 | D:10     | Killed a two-headed ogre
  8888 | D:10     | Learned a level 4 spell: Animate Dead
  9051 | D:10     | Noticed Lodul
  9072 | D:9      | Reached skill level 5 in Necromancy
  9229 | D:10     | Noticed a sixfirhy
  9230 | D:10     | Noticed a soul eater
  9233 | D:10     | Noticed a sixfirhy
  9234 | D:10     | HP: 4/87 [sixfirhy[a kobold demonologist] (9)]
  9234 | D:10     | Killed from afar by Lodul

Illustrated notes

Levels and vault maps discovered:
D:1:      spicycebolla_green_bress_n_ham, layout_basic, serial_shops,
          nicolae_shop_trees, kennysheep_small_spiral
D:2:      layout_rooms, minmay_tromino_v2, uniq_robin
D:3:      layout_rooms, cheibrodos_gnoll_hut
D:4:      layout_rooms, nicolae_shop_gadgets
D:5:      layout_basic, ebering_ghost_rock_garden, serial_shops, shop, hex_tiny
D:6:      layout_basic, minmay_temple_entry_proselytizer, minmay_starry_boxes
D:7:      layout_basic, nicolae_ru_sacrificial_ziggurat
D:8:      kennysheep_blocky_room, layout_basic,
          chequers_temple_overflow_statue_of_worship,
          hangedman_abyss_or_decor_passed, uniq_prince_ribbit1
D:9:      layout_long_grid, minmay_orc_entry_guard_dogs, nrook_mini_vaults
D:10:     layout_basic, st_stairs_9, uniq_lodul, uniq_snorg
Temple:   regret_index_temple_mists

Skill      XL: |  1  2  3  4  5  6  7  8  9 10 11 |
---------------+----------------------------------+-----
Stealth        | 2 3 4 |  4.0
Fighting       | 1 2 3 7 8 |  8.5
Summonings     | 5 6 |  6.0
Hexes          | 2 3 |  3.0
Shields        | 2 4 |  4.0
Armour         | 1 2 |  2.0
Dodging        | 2 3 |  3.0
Polearms       | 6 10 | 10.2
Necromancy     | 2 5 |  5.4
Spellcasting   | 3 4 |  4.0

Action                     |  1- 3 |  4- 6 |  7- 9 | 10-12 || total
---------------------------+-------+-------+-------+-------++-------
  Melee: Unarmed           |    27 |       |       |       ||    27
         Club              |    33 |       |       |       ||    33
         Mace              |    50 |    28 |       |       ||    78
         Punch             |     2 |       |       |       ||     2
         Dagger            |       |    98 |   186 |    24 ||   308
         Halberd           |       |       |       |    56 ||    56
  Throw: Stone             |       |       |       |     1 ||     1
   Cast: Summon Small Mamm |    27 |    33 |    21 |       ||    81
         Call Imp          |     2 |     5 |     5 |       ||    12
         Call Canine Famil |       |     8 |    21 |     6 ||    35
         Summon Guardian G |       |     1 |    26 |    38 ||    65
         Animate Dead      |       |       |       |     2 ||     2
    Use: Scroll            |       |     3 |     4 |     2 ||     9
   Stab: Sleeping          |    12 |     7 |     1 |     3 ||    23
         Paralysed         |    10 |     9 |    31 |     8 ||    58
         Distracted        |     1 |       |     3 |       ||     4
 Armour: Robe              |    37 |    23 |    64 |    41 ||   165
  Dodge: Dodged            |    97 |    70 |    91 |    98 ||   356
  Block: Buckler           |       |     6 |    42 |     7 ||    55
